 Dungeon Crawl Stone Soup version 0.27-a0-416-gca2cecf3c0 (webtiles) character file.

Game seed: 6709953321750049450

44 dickylongcocking the Sneak (level 3, -3/33 HPs)
             Began as a Deep Dwarf Delver on Feb 25, 2021.
             Was a Follower of Makhleb.
             Slain by a kobold
             ... wielding a +0 short sword of venom
              (4 damage)
             ... on level 2 of the Dungeon.
             The game lasted 00:02:57 (867 turns).

dickylongcocking the Sneak (Deep Dwarf Delver)       Turns: 867, Time: 00:02:58

Health: -3/33      AC:  3    Str: 16    XL:     3   Next: 39%
Magic:  3/3        EV: 11    Int: 10    God:    Makhleb [*.....]
Gold:   41         SH:  3    Dex: 14    Spells: 2/2 levels left

rFire    . . .     SeeInvis .   a - +0 hand axe
rCold    . . .     Faith    .   m - +0 buckler
rNeg     . . .     Spirit   .   b - +0 leather armour
rPois    .         Reflect  .   (helmet restricted)
rElec    .         Harm     .   (no cloak)
rCorr    .         Rampage  .   (no gloves)
Will     +....     Clarity  +   (no boots)
Stlth    +++.......             (no amulet)
HPRegen  0.00/turn              (no ring)
MPRegen  0.08/turn              (no ring)

@: non-regenerating
A: damage resistance, heal wounds, antennae 1, clarity, strong-willed 1, sense
surroundings 2, no regeneration
a: Heal Wounds, Renounce Religion


You were on level 2 of the Dungeon.
You worshipped Makhleb.
Makhleb was aware of your devotion.
You visited 2 branches of the dungeon, and saw 5 of its levels.

You collected 41 gold pieces.

Inventory:

Hand Weapons
 a - a +0 hand axe (weapon)
Armour
 b - a +0 leather armour (worn)
 f - a +0 helmet
 m - a +0 buckler (worn)
Wands
 g - a wand of digging (1)
Scrolls
 c - a scroll of fog
 e - 2 scrolls of fear
 i - 3 scrolls of identify {unknown}
 k - a scroll of teleportation {unknown}
Potions
 d - a potion of invisibility {unknown}


   Skills:
 * Level 2.7 Fighting
 * Level 4.2 Axes
 - Level 2.1 Dodging
 - Level 6.0 Stealth
 * Level 0.2 Shields


You had 2 spell levels left.
You didn't know any spells.
Your spell library was empty.

Dungeon Overview and Level Annotations

Branches:
Dungeon (5/15)             Temple (1/1) D:4

Altars:
Gozag
Makhleb
Okawaru
Uskayaw
Vehumet
Zin

Shops:
D:4 *


Innate Abilities, Weirdness & Mutations

You are resistant to damage.
You can heal yourself by infusing magical energy.
You passively map the area around you.
You do not regenerate.
You have a pair of small antennae on your head.
You possess an exceptional clarity of mind.
You are strong-willed. (Will+)


Message History

It was a potion of flight.
You feel very buoyant.
You fly up into the air.
Found a stone staircase leading down.
You see here 23 stones.
There is a stone staircase leading down here.
You see here 23 stones.
You are starting to lose your buoyancy.
You float gracefully downwards.
There is an open door here.
You feel a little less clever now.
A bat comes into view.
Found 14 sling bullets.
A bat is nearby!
A bat is nearby!
You see here a scroll labelled AFIAHI CAMP.
You are too injured to fight recklessly!
The helpless bat fails to defend itself.
You slash the bat!
You kill the bat!
Makhleb accepts your kill.
You are too injured to fight recklessly!
i - 3 scrolls labelled AFIAHI CAMP (gained 1)
d - a brown potion A kobold comes into view.
It is wielding a +0 short sword of venom.
A kobold is nearby!
You are too injured to fight recklessly!
A kobold is nearby!
You are too injured to fight recklessly!
A kobold is nearby!
Found a scroll labelled YVEOWN KULI.
You are too injured to fight recklessly!
The kobold throws a stone.
The stone hits you but does no damage.
You are too injured to fight recklessly!
You are too injured to fight recklessly!
You closely miss the kobold. The kobold completely misses you.
You are too injured to fight recklessly!
You closely miss the kobold.
The kobold hits you with a +0 short sword of venom.
You die...

######.....+.........#.# *
#..........#########...# ,
,+......................#
,
**#........###########...#
, #........# #.#.#
#........# ###.#.##
#....(...###### #......#
,* , #...........?.#
#.#..... * ######..@.....#
#.####.. , * #..K.....#
#.# ##. #........#
#.#####. * , #........#
#.#..... ,, #........#
..#.###. , , ##########
####, #. ,* #. , , , * #.
* * ..


You could see a kobold.

Vanquished Creatures
  Robin (D:2)
  A worm (D:2)
  A dart slug (D:3)
  2 bats (D:2)
  A giant cockroach (D:2)
  8 goblins
  5 hobgoblins (D:2)
  2 jackals (D:2)
  A ball python (D:2)
  2 rats (D:2)
24 creatures vanquished.

Notes
Turn   | Place    | Note
-------+----------+-------------------------------------------
     0 | D:5      | dickylongcocking the Deep Dwarf Delver began the quest for
                  | the Orb.
     0 | D:5      | Reached XP level 1. HP: 20/20 MP: 1/1
    23 | D:4      | Found Hocuhur's Assorted Antiques.
    33 | D:4      | Found an opulent altar of Gozag.
    77 | D:4      | Found a staircase to the Ecumenical Temple.
    86 | Temple   | Entered the Ecumenical Temple
   107 | Temple   | Became a worshipper of Makhleb the Destroyer
   151 | D:4      | Noticed a scorpion
   210 | D:2      | Noticed Robin
   244 | D:2      | Reached XP level 2. HP: 27/27 MP: 2/2
   264 | D:2      | Killed Robin
   331 | D:2      | Reached XP level 3. HP: 13/33 MP: 3/3
   666 | D:2      | Reached * piety under Makhleb
   728 | D:2      | Gained mutation: You have a pair of small antennae on your
                  | head. [potion of mutation]
   728 | D:2      | Gained mutation: You passively map the area around you.
                  | [potion of mutation]
   728 | D:2      | Gained mutation: You possess an exceptional clarity of
                  | mind. [potion of mutation]
   728 | D:2      | Gained mutation: You are strong-willed. (Will+) [potion of
                  | mutation]
   739 | D:2      | HP: 2/49 [worm (4)]
   867 | D:2      | Slain by a kobold

Illustrated notes

Levels and vault maps discovered:
D:2:      layout_basic, grunt_temple_overflow_open, minmay_vboxes, uniq_robin
D:3:      minmay_diamond_boxcup, layout_loops_corners
D:4:      layout_loops_ring, grunt_gozag_breadcrumbs,
          minmay_temple_entry_purple_smoke, serial_shops, shop, serial_glass,
          glass_columns_c, glass_columns_a, okawaru_ov_weapons_minmay
D:5:      layout_rooms, grunt_temple_overflow_forces_of_nature,
          nicolae_overflow_crystal_walls, gammafunk_ghost_split,
          uniq_crazy_yiuf_cottage, uniq_blork_the_orc
Temple:   compressed_dpeg_triangle_lava_temple

Skill      XL: |  1  2  3 |
---------------+----------+-----
Axes           | 3 4 |  4.2
Fighting       | |  2.7
Dodging        | |  2.1
Stealth        | |  6.0
Shields        | |  0.2

Action                   || total
-------------------------++-------
Melee: Hand axe          ||    97
Evoke: Wand              ||     2
  Use: Potion            ||     5
       Scroll            ||     1
 Stab: Sleeping          ||     4
Armor: Leather armour    ||    15
       Skin              ||     6
Dodge: Dodged            ||    54
Block: Buckler           ||     2

Table legend: (Time is in decaauts)
 A = Elapsed time spent in this place.
 B = Non-inter-level travel time spent in this place.
 C = Inter-level travel time spent in this place.
 D = Time resting spent in this place.
 E = Time spent auto-exploring this place.
 F = Levels seen in this place.
 G = Mean time per level.
                   A        B        C        D        E       F      G
               +--------+--------+--------+--------+--------+-----+--------+
         Total |    863 |    840 |     23 |    216 |    249 |   5 |  172.6 |
       Dungeon |    831 |    808 |     23 |    216 |    238 |   4 |  207.8 |
        Temple |     31 |     31 |      0 |      0 |     11 |   1 |   31.0 |
               +--------+--------+--------+--------+--------+-----+--------+

Top non-repeatable levels by time:
     D:2: 669 daAuts
     D:4: 132 daAuts
  Temple: 31 daAuts
     D:3: 22 daAuts
     D:5: 7 daAuts
